[ AOE2 MATCH · #507336576 ]
UnrankedBerbers vs Burgundians
Player's team · WIN
[ REPLAY ANALYSIS · EXTRACTED FROM THE RECORDED GAME ]
Feudal
14:27
Castle
18:05
Imperial
—
| APM avg | 40.0 |
| APM peak | 59 |
| eAPM avg | 19.8 |
| Villagers / military | 60 / 40 |
Focus
⚔️ 31.9% · 🌾 68.1%
Spearman ×17 · Monk ×12 · Mangonel ×6 · Militia ×5
Feudal
9:59
Castle
19:34
Imperial
—
| APM avg | 39.4 |
| APM peak | 67 |
| eAPM avg | 19.8 |
| Villagers / military | 45 / 24 |
Focus
⚔️ 26.7% · 🌾 73.3%
Scout Cavalry ×19 · Knight ×5
Match map
Initial resources + every placement click. Lines = walls · curves = elevation contours. ◆ gold · ⬟ stone · ● berries · ✦ relic · ◌ wall gap
Your base· ✓ Closed at 18:05 · 27t walls · 1 gate(s)
SSVictorin's base· Open — opponent sealed themselves in
Smoothed initial terrain · ◌ = detected wall gap · hover for details
Inputs per minute
— lapoejs - - SSVictorin
Build order — lapoejs
First 150 of 173 actions detected
| 0:01 | Queue | Villager (Male) ×4 |
| 0:02 | Build | House |
| 0:04 | Build | House |
| 1:29 | Queue | Villager (Male) |
| 1:29 | Queue | Villager (Male) |
| 1:54 | Build | Lumber Camp |
| 2:00 | Queue | Villager (Male) |
| 2:00 | Queue | Villager (Male) |
| 2:16 | Queue | Villager (Male) |
| 2:37 | Queue | Villager (Male) |
| 2:37 | Queue | Villager (Male) |
| 3:03 | Queue | Villager (Male) |
| 3:04 | Queue | Villager (Male) |
| 3:37 | Queue | Villager (Male) |
| 3:37 | Queue | Villager (Male) |
| 3:51 | Build | House |
| 4:06 | Queue | Villager (Male) |
| 4:07 | Queue | Villager (Male) |
| 4:28 | Queue | Villager (Male) |
| 4:31 | Build | Barracks |
| 4:38 | Queue | Villager (Male) |
| 4:38 | Queue | Villager (Male) |
| 5:11 | Build | House |
| 5:28 | Queue | Villager (Male) |
| 5:29 | Queue | Villager (Male) |
| 5:29 | Queue | Villager (Male) |
| 5:29 | Queue | Villager (Male) |
| 5:29 | Queue | Villager (Male) |
| 5:33 | Build | House |
| 5:36 | Queue | Militia |
| 5:36 | Queue | Militia |
| 5:54 | Queue | Militia |
| 5:55 | Queue | Militia |
| 6:23 | Queue | Villager (Male) |
| 6:24 | Queue | Villager (Male) |
| 6:24 | Queue | Villager (Male) |
| 6:25 | Build | House |
| 6:27 | Build | Palisade Wall |
| 6:32 | Build | Palisade Wall |
| 6:33 | Build | Palisade Wall |
| 6:51 | Build | Mill |
| 7:11 | Queue | Villager (Male) |
| 7:15 | Queue | Militia |
| 7:23 | Queue | Villager (Male) |
| 7:29 | Queue | Villager (Male) |
| 8:06 | Queue | Villager (Male) |
| 8:19 | Build | Mill |
| 8:34 | Queue | Villager (Male) |
| 8:35 | Build | Farm |
| 8:48 | Build | House |
| 8:52 | Build | Palisade Wall |
| 8:55 | Build | Palisade Wall |
| 9:01 | Build | Palisade Gate |
| 9:04 | Build | Palisade Wall |
| 9:06 | Build | Palisade Wall |
| 9:14 | Queue | Villager (Male) |
| 9:27 | Queue | Villager (Male) |
| 9:33 | Build | Farm |
| 9:46 | Build | Farm |
| 9:51 | Build | Palisade Wall |
| 10:07 | Queue | Villager (Male) |
| 10:09 | Build | Farm |
| 10:12 | Build | Farm |
| 10:35 | Queue | Villager (Male) |
| 10:37 | Build | Farm |
| 10:56 | Queue | Villager (Male) |
| 11:05 | Build | Mining Camp |
| 11:08 | Build | Mining Camp |
| 11:17 | Queue | Villager (Male) |
| 11:49 | Research | Feudal Age |
| 11:52 | Research | Loom |
| 11:52 | Research | Loom |
| 12:01 | Research | Feudal Age |
| 12:05 | Build | Lumber Camp |
| 12:50 | Build | Palisade Wall |
| 13:06 | Build | Palisade Wall |
| 13:42 | Build | Farm |
| 13:45 | Build | Farm |
| 13:48 | Queue | Villager (Male) |
| 13:48 | Queue | Villager (Male) |
| 14:27 | Age | Feudal Age |
| 14:29 | Build | Blacksmith |
| 14:31 | Build | Market |
| 14:40 | Queue | Spearman |
| 14:56 | Build | Palisade Wall |
| 15:25 | Research | Castle Age |
| 15:25 | Research | Castle Age |
| 15:26 | Research | Castle Age |
| 15:32 | Queue | Spearman |
| 15:48 | Build | House |
| 15:55 | Queue | Spearman |
| 16:10 | Research | Town Watch |
| 16:40 | Queue | Spearman |
| 16:55 | Research | Double-Bit Axe |
| 17:15 | Research | Horse Collar |
| 17:18 | Research | Gold Mining |
| 17:39 | Queue | Spearman |
| 17:48 | Build | House |
| 17:57 | Queue | Spearman |
| 17:57 | Queue | Villager (Male) |
| 18:05 | Age | Castle Age |
| 18:11 | Build | Monastery |
| 18:14 | Build | Siege Workshop |
| 18:21 | Queue | Spearman |
| 18:58 | Queue | Villager (Male) |
| 18:58 | Queue | Villager (Male) |
| 19:01 | Build | Farm |
| 19:02 | Build | Farm |
| 19:03 | Research | Horse Collar |
| 19:07 | Queue | Mangonel |
| 19:10 | Queue | Monk |
| 19:17 | Queue | Spearman |
| 19:17 | Queue | Spearman |
| 19:25 | Build | House |
| 19:29 | Queue | Mangonel |
| 19:31 | Queue | Villager (Male) |
| 19:33 | Build | Farm |
| 19:36 | Build | Palisade Wall |
| 19:40 | Queue | Monk |
| 19:40 | Queue | Monk |
| 19:42 | Queue | Spearman |
| 19:42 | Queue | Spearman |
| 19:46 | Build | Monastery |
| 19:50 | Build | Mining Camp |
| 19:52 | Queue | Villager (Male) |
| 19:53 | Queue | Villager (Male) |
| 19:58 | Build | House |
| 20:13 | Queue | Monk |
| 20:14 | Queue | Monk |
| 20:14 | Queue | Monk |
| 20:20 | Queue | Spearman |
| 20:20 | Queue | Spearman |
| 20:36 | Queue | Villager (Male) |
| 20:36 | Queue | Villager (Male) |
| 20:49 | Queue | Monk |
| 20:49 | Queue | Monk |
| 20:53 | Queue | Villager (Male) |
| 20:55 | Build | House |
| 21:19 | Queue | Monk |
| 21:19 | Queue | Monk |
| 21:20 | Queue | Spearman |
| 21:20 | Queue | Spearman |
| 21:28 | Build | House |
| 21:44 | Queue | Villager (Male) |
| 21:48 | Queue | Spearman |
| 21:48 | Queue | Spearman |
| 22:09 | Queue | Monk |
| 22:09 | Queue | Monk |
| 22:27 | Build | House |
| 22:27 | Queue | Villager (Male) |
Build order — SSVictorin
147 actions detected in the replay
| 0:00 | Queue | Villager (Male) |
| 0:01 | Queue | Villager (Male) |
| 0:01 | Queue | Villager (Male) |
| 0:01 | Queue | Villager (Male) |
| 0:03 | Build | House |
| 0:05 | Build | House |
| 1:30 | Queue | Villager (Male) |
| 1:30 | Queue | Villager (Male) |
| 1:45 | Build | Lumber Camp |
| 1:57 | Queue | Villager (Male) |
| 1:58 | Queue | Villager (Male) |
| 2:14 | Queue | Villager (Male) |
| 2:14 | Queue | Villager (Male) |
| 2:35 | Queue | Villager (Male) |
| 2:35 | Queue | Villager (Male) |
| 3:06 | Queue | Villager (Male) |
| 3:29 | Build | Mill |
| 3:42 | Queue | Villager (Male) |
| 3:42 | Queue | Villager (Male) |
| 3:58 | Queue | Villager (Male) |
| 4:10 | Queue | Villager (Male) |
| 4:10 | Queue | Villager (Male) |
| 4:25 | Queue | Villager (Male) |
| 4:25 | Queue | Villager (Male) |
| 4:33 | Build | House |
| 5:23 | Research | Double-Bit Axe |
| 5:31 | Queue | Villager (Male) |
| 5:31 | Queue | Villager (Male) |
| 6:04 | Build | House |
| 6:21 | Build | Palisade Wall |
| 6:30 | Queue | Villager (Male) |
| 6:32 | Research | Loom |
| 6:46 | Build | Palisade Wall |
| 6:50 | Build | Palisade Wall |
| 6:51 | Build | Palisade Wall |
| 6:52 | Build | Palisade Wall |
| 7:16 | Build | Palisade Wall |
| 7:21 | Build | House |
| 7:23 | Build | Palisade Wall |
| 7:24 | Build | Palisade Wall |
| 7:25 | Build | Palisade Wall |
| 7:36 | Build | Palisade Wall |
| 7:49 | Research | Feudal Age |
| 8:23 | Build | Farm |
| 8:37 | Build | Barracks |
| 9:04 | Build | Palisade Wall |
| 9:22 | Queue | Villager (Male) |
| 9:22 | Queue | Villager (Male) |
| 9:34 | Build | Palisade Wall |
| 9:35 | Build | Palisade Wall |
| 9:44 | Build | Palisade Wall |
| 9:46 | Build | Palisade Wall |
| 9:51 | Build | Palisade Wall |
| 9:53 | Build | Palisade Wall |
| 9:54 | Build | Palisade Wall |
| 9:59 | Age | Feudal Age |
| 10:01 | Queue | Villager (Male) |
| 10:06 | Build | Stable |
| 10:13 | Build | Farm |
| 10:37 | Build | Farm |
| 10:59 | Queue | Scout Cavalry |
| 11:00 | Queue | Scout Cavalry |
| 11:00 | Queue | Scout Cavalry |
| 11:08 | Queue | Villager (Male) |
| 11:08 | Queue | Villager (Male) |
| 11:17 | Build | Farm |
| 11:21 | Build | Farm |
| 11:40 | Build | Farm |
| 11:42 | Build | Farm |
| 11:43 | Queue | Villager (Male) |
| 12:05 | Queue | Villager (Male) |
| 12:05 | Queue | Villager (Male) |
| 12:05 | Queue | Villager (Male) |
| 12:17 | Build | Farm |
| 12:42 | Build | Farm |
| 12:44 | Build | Farm |
| 12:45 | Queue | Villager (Male) |
| 12:45 | Queue | Villager (Male) |
| 12:52 | Build | Farm |
| 12:58 | Queue | Scout Cavalry |
| 12:58 | Queue | Scout Cavalry |
| 13:06 | Build | House |
| 13:07 | Build | Palisade Wall |
| 13:10 | Queue | Villager (Male) |
| 13:19 | Build | House |
| 13:20 | Build | House |
| 13:39 | Build | Farm |
| 14:22 | Research | Bow Saw |
| 14:35 | Build | Lumber Camp |
| 14:41 | Queue | Villager (Male) |
| 14:55 | Build | Mining Camp |
| 15:00 | Queue | Villager (Male) |
| 15:25 | Queue | Villager (Male) |
| 15:42 | Build | Market |
| 15:47 | Queue | Villager (Male) |
| 15:57 | Build | Farm |
| 16:26 | Queue | Villager (Male) |
| 16:42 | Build | House |
| 16:52 | Research | Castle Age |
| 16:52 | Research | Castle Age |
| 17:15 | Build | Farm |
| 17:19 | Build | Stable |
| 17:47 | Build | Lumber Camp |
| 17:51 | Research | Wheelbarrow |
| 18:46 | Build | Stable |
| 18:47 | Queue | Scout Cavalry |
| 18:48 | Queue | Scout Cavalry |
| 18:48 | Queue | Scout Cavalry |
| 19:07 | Build | Watch Tower |
| 19:19 | Queue | Scout Cavalry |
| 19:19 | Queue | Scout Cavalry |
| 19:19 | Queue | Scout Cavalry |
| 19:28 | Build | Blacksmith |
| 19:34 | Age | Castle Age |
| 19:39 | Research | Light Cavalry (upgrade) |
| 19:49 | Queue | Villager (Male) |
| 20:00 | Build | Town Center |
| 20:14 | Build | Farm |
| 20:27 | Queue | Scout Cavalry |
| 20:27 | Queue | Scout Cavalry |
| 20:32 | Research | Husbandry |
| 20:53 | Queue | Scout Cavalry |
| 21:20 | Queue | Scout Cavalry |
| 21:20 | Queue | Scout Cavalry |
| 21:24 | Build | Farm |
| 21:49 | Queue | Knight |
| 21:49 | Queue | Knight |
| 21:49 | Queue | Knight |
| 22:01 | Queue | Villager (Male) |
| 22:01 | Queue | Villager (Male) |
| 22:06 | Build | Farm |
| 22:06 | Build | Farm |
| 22:07 | Build | Farm |
| 22:17 | Queue | Knight |
| 22:17 | Queue | Knight |
| 22:40 | Build | Monastery |
| 22:48 | Research | Scale Barding Armor |
| 23:17 | Queue | Scout Cavalry |
| 23:17 | Queue | Scout Cavalry |
| 23:19 | Queue | Villager (Male) |
| 23:19 | Queue | Villager (Male) |
| 23:21 | Build | Farm |
| 23:22 | Build | Farm |
| 23:28 | Build | Farm |
| 23:29 | Build | Farm |
| 23:35 | Queue | Scout Cavalry |
| 24:05 | Build | Siege Workshop |
Match timeline
| 4:31 | lapoejs · first_building Barracks |
| 6:21 | SSVictorin · wall_segment Palisade Wall x4 |
| 6:27 | lapoejs · wall_segment Palisade Wall x1 |
| 6:32 | lapoejs · wall_segment Palisade Wall x2 |
| 6:33 | lapoejs · wall_segment Palisade Wall x1 |
| 6:46 | SSVictorin · wall_segment Palisade Wall x1 |
| 6:50 | SSVictorin · wall_segment Palisade Wall x1 |
| 6:51 | SSVictorin · wall_segment Palisade Wall x1 |
| 6:52 | SSVictorin · wall_segment Palisade Wall x1 |
| 7:16 | SSVictorin · wall_segment Palisade Wall x2 |
| 7:23 | SSVictorin · wall_segment Palisade Wall x1 |
| 7:24 | SSVictorin · wall_segment Palisade Wall x1 |
| 7:25 | SSVictorin · wall_segment Palisade Wall x1 |
| 7:36 | SSVictorin · wall_segment Palisade Wall x1 |
| 8:37 | SSVictorin · first_building Barracks |
| 8:52 | lapoejs · wall_segment Palisade Wall x1 |
| 8:55 | lapoejs · wall_segment Palisade Wall x7 |
| 9:04 | lapoejs · wall_segment Palisade Wall x3 |
| 9:04 | SSVictorin · wall_segment Palisade Wall x1 |
| 9:06 | lapoejs · wall_segment Palisade Wall x8 |
| 9:34 | SSVictorin · wall_segment Palisade Wall x1 |
| 9:35 | SSVictorin · wall_segment Palisade Wall x1 |
| 9:44 | SSVictorin · wall_segment Palisade Wall x1 |
| 9:46 | SSVictorin · wall_segment Palisade Wall x1 |
| 9:51 | lapoejs · wall_segment Palisade Wall x1 |
| 9:51 | SSVictorin · wall_segment Palisade Wall x1 |
| 9:53 | SSVictorin · wall_segment Palisade Wall x1 |
| 9:54 | SSVictorin · wall_segment Palisade Wall x1 |
| 9:59 | SSVictorin · age_up feudal |
| 10:06 | SSVictorin · first_building Stable |
| 12:50 | lapoejs · wall_segment Palisade Wall x1 |
| 13:06 | lapoejs · wall_segment Palisade Wall x1 |
| 13:07 | SSVictorin · wall_segment Palisade Wall x4 |
| 14:27 | lapoejs · age_up feudal |
| 14:56 | lapoejs · wall_segment Palisade Wall x1 |
| 16:47 | SSVictorin · first_market_sell 100 wood |
| 17:13 | lapoejs · first_market_sell 100 wood |
| 17:14 | lapoejs · first_market_buy 100 food |
| 18:05 | lapoejs · age_up castle |
| 18:11 | lapoejs · first_building Monastery |
| 18:14 | lapoejs · first_building Siege Workshop |
| 19:34 | SSVictorin · age_up castle |
| 19:36 | lapoejs · wall_segment Palisade Wall x1 |
| 19:55 | SSVictorin · first_market_buy 100 stone |
| 22:40 | SSVictorin · first_building Monastery |
| 24:05 | SSVictorin · first_building Siege Workshop |
| 24:38 | SSVictorin · resign |
[ AI ANALYSIS · 1 CREDIT ]
What really happened in this match?
Wolo.gg analyzes every decision: build order, eco, micro, common mistakes by bracket. Personalized analysis on WhatsApp or Discord in 30 seconds.
Civ guide
Berbers
Perfil
Jugador #4142107